 Dungeon Crawl Stone Soup version 0.20.0-15-g7f486f2 (webtiles) character file.

482 dvd the Poker (level 6, -6/50 HPs)
             Began as a Minotaur Wanderer on June 13, 2017.
             Mangled by a gnoll
             ... wielding a +0 flail
              (13 damage)
             ... on level 4 of the Dungeon.
             The game lasted 00:09:35 (3339 turns).

dvd the Poker (Minotaur Wanderer)                   Turns: 3339, Time: 00:09:37

Health: -6/50      AC:  7    Str: 17    XL:     6   Next: 87%
Magic:  5/5        EV:  7    Int: 10    God:
Gold:   174        SH:  0    Dex: 10    Spells: 5/5 levels left

rFire    . . .     SeeInvis .   a - +1 hand axe (chop)
rCold    . . .     Gourm    .   (no shield)
rNeg     . . .     Faith    .   A - -2 chain mail (curse)
rPois    .         Spirit   .   (helmet restricted)
rElec    .         Reflect  .   (no cloak)
rCorr    .         Harm     .   (no gloves)
MR       .....                  (no boots)
Stlth    ..........             k - amulet of rage
Regen    0.2/turn               h - ring of flight
MPRegen  0.1/turn               (no ring)

@: berserk cooldown, slowed, very slow
A: retaliatory headbutt, horns 2
a: Evoke Berserk Rage, Evoke Flight


You were on level 4 of the Dungeon.
You were not hungry.

You visited 1 branch of the dungeon, and saw 4 of its levels.

You collected 174 gold pieces.

Inventory:

Hand Weapons
 a - a +1 hand axe of chopping (weapon)
 b - a +2 blowgun
 w - a +0 hunting sling
 y - a +1 scythe of flaming
Missiles
 i - 92 arrows
 t - 22 poisoned needles
Armour
 e - a +0 chain mail
 q - a +1 ring mail
 A - a cursed -2 chain mail (worn)
Jewellery
 h - a ring of flight (left hand)
 k - an amulet of rage (around neck)
Scrolls
 d - a scroll of identify
 j - a scroll of recharging
 n - 2 scrolls of fear
 p - 3 scrolls of teleportation
Potions
 c - a potion of curing
 g - a potion of brilliance {unknown}
 r - 2 potions of haste {unknown}
 u - a potion of might {unknown}
 x - a potion of mutation
Comestibles
 f - 2 bread rations
 l - 2 meat rations
 m - 2 chunks of flesh
 z - 2 royal jellies


   Skills:
 + Level 2.8 Fighting
 + Level 3.6(5.0) Axes
 + Level 5.3(5.9) Polearms
 + Level 2.0 Throwing
 + Level 3.6 Armour
 + Level 2.2 Dodging
 + Level 1.5 Stealth
   Level 1.2 Shields
   Level 1.3 Conjurations
   Level 1.0 Hexes
 + Level 0.8 Evocations


You had 5 spell levels left.
You didn't know any spells.

Dungeon Overview and Level Annotations

Branches:
Dungeon (4/15)
 Temple: D:4-7

Altars:
Fedhas
Nemelex Xobeh
Okawaru
Zin


Innate Abilities, Weirdness & Mutations

You reflexively headbutt those who attack you in melee.
You have a pair of horns on your head.


Message History

You are exhausted.
You feel yourself slow down.
Things that are here:
an enchanted spear; a gnoll corpse Unknown command.
You feel better. The gnoll hits you with a flail.
You closely miss the orc. Your headbutt misses the orc.
You hit the gnoll but do no damage. The orc barely misses you.
The gnoll hits you with a flail.
* * * LOW HITPOINT WARNING * * *
Unknown command.
You hit the orc. Your headbutt misses the orc.
The orc is heavily wounded.
You hit the gnoll. The orc hits you with a short sword.
* * * LOW HITPOINT WARNING * * *
The gnoll hits you with a flail!
* * * LOW HITPOINT WARNING * * *
The orc hits you but does no damage.
You feel better. The gnoll hits you with a flail!
You die...

.P.P###..#..####...
.P #####
#..##..##..##.#..
#.............#.
##..##.....###..#
##............#
#....#..##.##.#####.
#..##...###.##.......
... ##..# #))........
# #.... ##@........
....P# #og........
(≈≈≈..#............
≈≈≈≈≈............$.
≈≈..............
.≈..............
.P...?...?......
###........≈....
##....Z≈≈≈≈..


You could see a gnoll and an orc.

Vanquished Creatures
  Sigmund (D:3)
  Blork the orc (D:4)
  A hound (D:4)
  An orc priest (D:3)
  A worker ant (D:4)
  4 adders
  2 gnolls (D:4)
  An ooze (D:3)
  3 adder zombies (D:4)
  3 worms
  2 leopard geckos
  4 orcs (D:3)
  4 giant cockroaches
  6 goblins
  19 hobgoblins
  7 kobolds
  3 quokkas
  11 bats
  5 frilled lizards
  2 jackal zombies (D:4)
  A leopard gecko skeleton (D:4)
  A leopard gecko zombie (D:4)
  13 rats
96 creatures vanquished.

Notes
Turn   | Place    | Note
-------+----------+-------------------------------------------
     0 | D:1      | dvd the Minotaur Wanderer began the quest for the Orb.
     0 | D:1      | dvd set off with: 4 curare-tipped needles, a +2 blowgun, a potion of curing, a +0 spear, a +0 robe, a bread ration
     0 | D:1      | Reached XP level 1. HP: 16/16 MP: 0/0
    72 | D:1      | Reached skill level 4 in Polearms
   112 | D:1      | Reached XP level 2. HP: 9/23 MP: 1/1
   709 | D:1      | Reached XP level 3. HP: 28/28 MP: 2/2
  1029 | D:2      | Reached skill level 5 in Polearms
  1329 | D:2      | Reached skill level 1 in Armour
  1366 | D:2      | Reached XP level 4. HP: 35/36 MP: 3/3
  2589 | D:3      | Noticed Sigmund
  2596 | D:3      | Reached skill level 1 in Axes
  2601 | D:3      | Killed Sigmund
  2601 | D:3      | Reached skill level 1 in Stealth
  2601 | D:3      | Reached XP level 5. HP: 38/42 MP: 4/4
  2601 | D:3      | Reached XP level 6. HP: 45/50 MP: 5/5
  2605 | D:3      | Found a sparkling altar of Nemelex Xobeh.
  2900 | D:3      | Found a glowing silver altar of Zin.
  2936 | D:3      | Found a blossoming altar of Fedhas.
  3184 | D:3      | Found an iron altar of Okawaru.
  3313 | D:4      | Noticed Blork the orc
  3328 | D:4      | Killed Blork the orc
  3338 | D:4      | HP: 2/50 [gnoll/flail (8)]
  3339 | D:4      | Mangled by a gnoll

Skill      XL: |  1  2  3  4  5  6 |
---------------+-------------------+-----
Polearms       | 4 5 |  5.3
Fighting       | 2 |  2.8
Armour         | 1 2 3 |  3.6
Dodging        | 2 |  2.2
Axes           | 2 3 |  3.6
Stealth        | 1 |  1.5
Throwing       | 2 |  2.0
Shields        | |  1.2
Conjurations   | |  1.3
Hexes          | |  1.0
Evocations     | |  0.8

Action                   |  1- 3 |  4- 6 || total
-------------------------+-------+-------++-------
Melee: Spear             |    91 |       ||    91
       Headbutt          |     6 |    12 ||    18
       Hand axe          |    12 |    83 ||    95
       Scythe            |       |    22 ||    22
 Fire: Blowgun           |    18 |     6 ||    24
Throw: Throwing net      |     1 |     1 ||     2
 Abil: Evoke Berserk Rag |       |     2 ||     2
  Use: Scroll            |       |     6 ||     6
       Potion            |       |     2 ||     2
 Stab: Sleeping          |     2 |       ||     2
       Held in net/web   |       |     1 ||     1
  Eat: Chunk             |     1 |     8 ||     9
Armor: Robe              |     9 |       ||     9
       Ring mail         |    18 |    17 ||    35
       Chain mail        |       |    38 ||    38
Dodge: Dodged            |    40 |    63 ||   103
